 Dungeon Crawl Stone Soup version 0.19.5 (webtiles) character file.

3796 McKennaii the Thaumaturge (level 9, -2/47 HPs)
             Began as a Deep Elf Fire Elementalist on May 15, 2017.
             Was an Initiate of Vehumet.
             Killed from afar by Erica (20 damage)
             ... with a bolt of poison
             ... on level 8 of the Dungeon.
             The game lasted 00:14:45 (7131 turns).

McKennaii the Thaumaturge (DEFE)                    Turns: 7131, Time: 00:14:47

Health: -2/47      AC:  6    Str: 10    XL:     9   Next: 96%
Magic:  3/26       EV: 13    Int: 24    God:    Vehumet [......]
Gold:   419        SH:  0    Dex: 15    Spells: 4 memorised, 20 levels left

rFire  + . .     SeeInvis .     (no weapon)
rCold  x . .     Gourm    .     u - +0 leather armour
rNeg   . . .     Faith    .     (no shield)
rPois  .         Spirit   .     C - +2 hat
rElec  .         Reflect  .     (no cloak)
rCorr  .         Harm     .     (no gloves)
MR     .....                    d - +0 pair of boots
Stlth  +++.......               (no amulet)
                                E - +5 ring of strength
                                j - ring of fire

@: lethally poisoned (-2 -> -11), very slightly contaminated
A: no striking features
a: Renounce Religion


You were on level 8 of the Dungeon.
You worshipped Vehumet.
Vehumet was noncommittal.
You were hungry.

You visited 2 branches of the dungeon, and saw 9 of its levels.

You collected 419 gold pieces.

Inventory:

Armour
 d - a +0 pair of boots (worn)
 u - a +0 leather armour (worn)
 C - a +2 hat (worn)
Jewellery
 e - an uncursed ring of magical power
 j - a ring of fire (left hand)
 w - an uncursed ring of flight
 E - a +5 ring of strength (right hand)
Wands
 r - a wand of acid (8/15)
 y - a wand of disintegration (11/24)
Scrolls
 h - 9 scrolls of identify
 i - 3 scrolls of fog {unknown}
 l - 2 scrolls of recharging {unknown}
 m - a scroll of fear {unknown}
 s - 3 scrolls of magic mapping {unknown}
 t - 2 scrolls of remove curse
 v - 3 scrolls of enchant weapon {unknown}
 x - 4 scrolls of teleportation {unknown}
 A - a scroll of amnesia {unknown}
 D - a scroll of noise {unknown}
 F - a scroll of blinking {unknown}
Potions
 a - a potion of invisibility
 f - 2 potions of might {unknown}
 g - 4 potions of curing {unknown}
 k - 2 potions of flight {unknown}
 o - 3 potions of haste {unknown}
 p - a potion of mutation {unknown}
 q - 2 potions of degeneration {unknown}
 G - a potion of ambrosia {unknown}
 H - a potion of brilliance {unknown}
Books
 b - a book of Flames

   Spells                             Type                      Level
   a - Flame Tongue                   Conjuration/Fire             1
   b - Throw Flame                    Conjuration/Fire             2
   c - Conjure Flame                  Conjuration/Fire             3
   d - Inner Flame                    Hexes/Fire                   3
   e - Sticky Flame                   Conjuration/Fire             4
   f - Fireball                       Conjuration/Fire             5
Comestibles
 c - 7 bread rations
 n - 2 beef jerkies
 z - 2 slices of pizza
 B - 8 fruits


   Skills:
 + Level 1.0 Fighting
 + Level 2.8 Armour
 + Level 3.8 Dodging
 + Level 4.6 Stealth
 + Level 11.5 Spellcasting
 + Level 7.9 Conjurations
 + Level 8.2 Fire Magic


You had 20 spell levels left.
You knew the following spells:

 Your Spells              Type           Power        Failure   Level  Hunger
a - Flame Tongue          Conj/Fire      #####        1%          1    None
b - Throw Flame           Conj/Fire      ######       1%          2    None
c - Conjure Flame         Conj/Fire      ######..     1%          3    None
f - Fireball              Conj/Fire      ######....   10%         5    ####...


Dungeon Overview and Level Annotations

Branches:
Dungeon (8/15)             Temple (1/1) D:7
   Lair: D:8-11

Altars:
Ashenzari
Elyvilon
Fedhas
Gozag
Hepliaklqana
Kikubaaqudgha
Makhleb
Nemelex Xobeh
Ru
Sif Muna
Trog
Uskayaw
Vehumet
Xom
Yredelemnul
Zin
The Shining One

Annotations:
D:8 Erica


Message History

You hear some strange, mumbled words.
A bolt of poison appears from out of thin air!
The bolt of poison misses you.
Casting: Fireball
Confirm with . or Enter, or press ? or * to list all spells.
You don't have enough magic to cast that spell.
Casting: Fireball
Confirm with . or Enter, or press ? or * to list all spells.
You can't see any susceptible monsters within range! (Use Z to cast anyway.)
Casting: Fireball
Confirm with . or Enter, or press ? or * to list all spells.
Aiming: Flame Tongue
Press: ? - help, Shift-Dir - straight line You feel a surge of power!
The flame tongue hits something.
You feel yourself speed up.
You hear some strange, mumbled words.
A bolt of poison appears from out of thin air!
The bolt of poison hits you!
You are poisoned.
You die...

..#....##.......##..# #.
...... #...........# #.
.#..##. #.......###.# ###.
#.. #..#.......#
#.########...
...........###..........#†
....#.......#....#########.
#.#.........#.#.## ## .
##........{.#.# .......
##.....@..##.# .......
###.....###.# .......
#..#....... .......
#...########. ....... #...
# ....... #### .......


There were no monsters in sight!

Vanquished Creatures
  Pikel (D:7)
  The ghost of McKennaii the Thaumaturge, a novice DEFE (D:6)
  Grinder (D:3)
  An ice beast (D:6)
  A slave (D:7)
  2 orc warriors (D:6)
  2 sky beasts
  2 ogres
  4 necrophages (D:6)
  2 centaurs
  3 bullfrogs
  6 killer bees (D:7)
  5 scorpions
  A howler monkey (D:6)
  A bullfrog zombie (D:6)
  4 orc priests
  2 jellies
  2 hounds
  9 orc wizards
  8 worker ants
  A worker ant zombie (D:6)
  10 adders
  A shadow imp (D:5)
  4 oozes
  An adder zombie (D:6)
  A worm (D:3)
  7 leopard geckos
  31 orcs
  2 ball pythons
  6 bats
  4 giant cockroaches
  3 goblins
  9 hobgoblins
  8 jackals
  9 kobolds
  2 quokkas
  5 frilled lizards
  2 quokka zombies (D:6)
  9 rats
  A plant (D:6)
174 creatures vanquished.

Vanquished Creatures (others)
  2 slaves (D:7)
  A bullfrog (D:7)
  An adder zombie (D:7)
  2 plants (D:6)
6 creatures vanquished.

Grand Total: 180 creatures vanquished

Notes
Turn   | Place    | Note
-------+----------+-------------------------------------------
     0 | D:1      | McKennaii the Deep Elf Fire Elementalist began the quest for the Orb.
     0 | D:1      | Reached XP level 1. HP: 10/10 MP: 6/6
    66 | D:1      | Reached XP level 2. HP: 15/15 MP: 0/8
   612 | D:1      | Reached XP level 3. HP: 19/19 MP: 6/9
  1743 | D:2      | Reached XP level 4. HP: 22/24 MP: 7/11
  1747 | D:2      | Learned a level 2 spell: Throw Flame
  1751 | D:2      | Learned a level 3 spell: Conjure Flame
  1802 | D:3      | Reached skill level 4 in Spellcasting
  1927 | D:3      | Noticed Grinder
  1928 | D:3      | Paralysed by Grinder for 3 turns
  1938 | D:3      | Killed Grinder
  1938 | D:3      | Reached skill level 5 in Spellcasting
  1938 | D:3      | Reached skill level 5 in Fire Magic
  1938 | D:3      | Reached XP level 5. HP: 15/28 MP: 2/14
  1938 | D:3      | Reached XP level 6. HP: 17/32 MP: 2/15
  1945 | D:3      | Learned a level 5 spell: Fireball
  3041 | D:4      | Reached skill level 6 in Spellcasting
  3317 | D:4      | Reached XP level 7. HP: 36/36 MP: 13/18
  3419 | D:5      | Entered Level 5 of the Dungeon
  3552 | D:5      | Reached skill level 1 in Armour
  3644 | D:5      | Reached skill level 7 in Spellcasting
  3839 | D:5      | Reached skill level 5 in Conjurations
  3862 | D:5      | HP: 1/36 [poisoned by a scorpion]
  4390 | D:6      | Reached XP level 8. HP: 41/41 MP: 21/21
  4590 | D:6      | Reached skill level 8 in Spellcasting
  4684 | D:6      | Noticed McKennaii's ghost (novice DEFE)
  4706 | D:6      | Killed McKennaii's ghost
  4863 | D:6      | Reached skill level 9 in Spellcasting
  5056 | D:6      | Found a blossoming altar of Fedhas.
  5086 | D:6      | Reached XP level 9. HP: 46/46 MP: 24/24
  5352 | D:6      | Found a sacrificial altar of Ru.
  5577 | D:6      | Reached skill level 10 in Spellcasting
  5591 | D:6      | Reached skill level 1 in Fighting
  5786 | D:7      | HP: 1/47 [orc priest/nerve-wracking pain (12)]
  6234 | D:7      | Noticed Pikel
  6250 | D:7      | Killed Pikel
  6250 | D:7      | Reached skill level 11 in Spellcasting
  6439 | D:7      | Found a shattered altar of Ashenzari.
  6690 | D:7      | Found a staircase to the Ecumenical Temple.
  6722 | Temple   | Entered the Ecumenical Temple
  6726 | Temple   | Became a worshipper of Vehumet
  7107 | D:8      | Noticed Erica
  7131 | D:8      | Killed from afar by Erica

Skill      XL: |  1  2  3  4  5  6  7  8  9 |
---------------+----------------------------+-----
Fire Magic     | 4 5 6 7 8 |  8.2
Spellcasting   | 5 6 7 9 11 | 11.5
Conjurations   | 3 5 6 7 |  7.9
Dodging        | 3 |  3.8
Stealth        | 3 4 |  4.6
Armour         | 1 2 |  2.8
Fighting       | 1 |  1.0

Action                   |  1- 3 |  4- 6 |  7- 9 || total
-------------------------+-------+-------+-------++-------
Melee: Unarmed           |     1 |     1 |    10 ||    12
 Cast: Flame Tongue      |    58 |    82 |   317 ||   457
       Throw Flame       |       |     1 |    24 ||    25
       Conjure Flame     |       |       |     5 ||     5
       Fireball          |       |       |     4 ||     4
  Use: Scroll            |       |       |     3 ||     3
  Eat: Chunk             |     2 |     5 |    10 ||    17
       Fruit             |       |       |     2 ||     2
Armor: Robe              |    10 |     2 |       ||    12
       Leather armour    |       |     5 |    11 ||    16
Dodge: Dodged            |    16 |     8 |    49 ||    73
